 Dungeon Crawl Stone Soup version 0.29.1-13-g9f3cf754e1 (webtiles) character file.

Game seed: 11582494885932126751

257 croobank the Sneak (level 6, 0/43 HPs)
             Began as an Octopode Delver on Jan 19, 2023.
             Killed from afar by an orc wizard (6 damage)
             ... with a magic dart
             ... on level 5 of the Dungeon.
             The game lasted 00:03:14 (578 turns).

croobank the Sneak (Octopode Delver)                 Turns: 578, Time: 00:03:15

Health: 0/43       AC:  1    Str: 11    XL:     6   Next: 16%
Magic:  6/6        EV: 14    Int: 14    God:
Gold:   87         SH:  0    Dex: 14    Spells: 5/5 levels left

rFire   . . .      SeeInvis .   a - +0 hand axe
rCold   . . .      Faith    .   (no shield)
rNeg    . . .      Spirit   .   (helmet restricted)
rPois   .          Reflect  .   (no amulet)
rElec   .          Harm     .   (no ring)
rCorr   .          Rampage  .   (no ring)
Will    .....                   (no ring)
Stlth   +++++.....              (no ring)
HPRegen 0.14/turn               (no ring)
MPRegen 0.10/turn               (no ring)
                                (no ring)
                                (no ring)

@: hasted, very quick
A: almost no armour, amphibious, 8 rings, camouflage 1, gelatinous body 1,
(nimble swimmer 1), tentacles
a: no special abilities


You were on level 5 of the Dungeon.
You visited 1 branch of the dungeon, and saw 3 of its levels.

You collected 87 gold pieces.

Inventory:

Hand Weapons
 a - a +0 hand axe (weapon)
 j - a +0 war axe
 m - a +0 quarterstaff
Armour
 k - a +0 buckler
Wands
 f - a wand of digging (3)
 g - a wand of mindburst (14)
 l - a wand of acid (9)
Scrolls
 b - a scroll of fog
 c - a scroll of magic mapping
 d - 2 scrolls of fear
 h - a scroll of identify {unknown}
 i - a scroll of amnesia {unknown}
 n - a scroll of silence {unknown}
 o - a scroll of enchant armour {unknown}
 p - a scroll of immolation {unknown}
Potions
 e - a potion of haste


   Skills:
 + Level 4.2 Fighting
 + Level 3.5 Axes
 + Level 3.5 Dodging
 + Level 7.9 Stealth


You had 5 spell levels left.
You didn't know any spells.
Your spell library was empty.

Dungeon Overview and Level Annotations

Branches:
Dungeon (7/15)
 Temple: D:4-7

Altars:

Annotations:
D:6 Edmund


Innate Abilities, Weirdness & Mutations

You cannot wear most types of armour.
You are amphibious.
You can wear up to eight rings at the same time.
Your skin changes colour to match your surroundings (Stealth+).
Your rubbery body absorbs attacks. (AC +1, EV +1)
((You are camouflaged when in or above water. (Stealth+)))
You have tentacles for arms and can constrict up to eight enemies at once.


Message History

The orc is moderately wounded.
You constrict the orc.
The orc wizard shouts!
The orc wizard mumbles some strange words.
The orc wizard flickers and vanishes!
Deactivating autopickup; reactivate with Ctrl-A.
The orc escapes!
The orc shouts!
The orc wizard shouts!
An orc comes into view. It is wielding a +2 vorpal war axe.
Something hits you. The orc hits you with a +0 mace!
The orc wizard gestures wildly while chanting.
The orc wizard flickers and vanishes!
You barely miss the orc. Your grab misses the orc. You squeeze the orc.
The orc is heavily wounded.
You barely miss something. Something hits you. The orc hits you with a +0 mace.
The orc completely misses you.
You completely miss the orc. You grab the orc. You barely miss the orc.
You constrict the orc. The orc hits you with a +0 mace.
The orc hits you with a +0 club.
You hit the orc but do no damage. You grab the orc. You squeeze the orc.
The orc is severely wounded.
You hit the orc. You constrict the orc.
You kill the orc!
You constrict the orc.
You kill the orc!
You hit something. Something hits you.
You miss something. Your squeeze misses something.
You hear some strange, mumbled words.
A puff of flame appears from out of thin air!
The puff of flame hits you!
* * * LOW HITPOINT WARNING * * *
You barely miss something. Something hits you.
* * * LOW HITPOINT WARNING * * *
Okay, then.
Okay, then.
You feel yourself speed up. Something barely misses you.
There is an open door here.
A magic dart appears from out of thin air!
The magic dart hits you.
You die...

#~♣~P.~ #.♣♣~.~ #.#♣~.~
#######+##### #...♣.~
............#.#.#....
#####..........#.#.#...~
#..............#.#.##~~~
#...........#.#.##~~~
#...@.......#.#.###~~
##...........#.#...'.♣
#.......†....#.#####..
#.#..............# #.. #
##+#+####{##.#.# #..
#.........#.# #..
######.####.# #.. #.#
#.# #.. #o# #.# ###


There were no monsters in sight!

Vanquished Creatures
  Menkaure (D:5)
  A black bear (D:6)
  A scorpion (D:5)
  2 orcs (D:5)
5 creatures vanquished.

Vanquished Creatures (others)
  4 plants (D:5)
4 creatures vanquished.

Grand Total: 9 creatures vanquished

Notes
Turn   | Place    | Note
-------+----------+-------------------------------------------
     0 | D:5      | croobank the Octopode Delver began the quest for the Orb.
     0 | D:5      | Reached XP level 1. HP: 16/16 MP: 1/1
     5 | D:6      | Noticed a black bear
    17 | D:6      | Killed a black bear
    18 | D:6      | Reached skill level 7 in Stealth
    18 | D:6      | Reached XP level 2. HP: 21/21 MP: 2/2
    18 | D:6      | Reached XP level 3. HP: 26/26 MP: 3/3
    18 | D:6      | Reached XP level 4. HP: 32/32 MP: 4/4
   117 | D:6      | Noticed Edmund
   182 | D:5      | Noticed Menkaure
   192 | D:5      | Killed Menkaure
   193 | D:5      | Reached XP level 5. HP: 9/37 MP: 5/5
   550 | D:5      | Reached XP level 6. HP: 43/43 MP: 6/6
   578 | D:5      | Killed from afar by an orc wizard

Illustrated notes

Levels and vault maps discovered:
D:5:      layout_basic, temple_green, minmay_fountain_box,
          serial_bayou_lagoon_b, uniq_menkaure
D:6:      layout_gridville, serial_shops, nicolae_stop_n_shop_1, uniq_eustachio,
          uniq_blork_the_orc, uniq_edmund
D:7:      layout_gridville, fountainhead

Skill      XL: |  1  2  3  4 |
---------------+-------------+-----
Stealth        | 7 |  7.9
Fighting       | 4 |  4.2
Axes           | 3 |  3.5
Dodging        | 3 |  3.5

Action                   |  1- 3 |  4- 6 || total
-------------------------+-------+-------++-------
Melee: Hand axe          |       |    16 ||    16
       Constrict         |       |     6 ||     6
       Tentacles         |       |     4 ||     4
Evoke: Wand              |     2 |     2 ||     4
  Use: Potion            |       |     1 ||     1
 Stab: Sleeping          |       |     1 ||     1
Dodge: Dodged            |       |     5 ||     5
